Map: Prion Terraces

Players

Miszu

  • Race: Terran Terran
  • League: Grandmaster

GloomY - Winner!

  • Race: Zerg Zerg
  • League: Master

VOD

Have the link to the VOD?

Description

Time

  • Played on: Feb. 23, 2016, 1:46 p.m.
  • Length: 11:19
Show
View Real Time Build Order
Export as new Build Order

Miszu Terran 

Build Orders: MMM Bio 

Get SALT Encoding   

  12  0:00  SCV  
  13  0:13  SCV  
  14  0:17  Supply Depot  
  14  0:25  SCV  
  15  0:40  Barracks, SCV  
  16  0:44  Refinery  
  16  0:53  SCV  
  17  1:02  Barracks  
  17  1:05  SCV  
  18  1:17  SCV  
  19  1:27  Reaper  
  19  1:29  Barracks  
  20  1:34  Refinery  
  20  1:35  SCV  
  21  1:47  Orbital Command  
  21  1:49  Reaper  
  22  1:58  Supply Depot  
  22  2:03  Reaper  
  23  2:20  Reaper, SCV  
  25  2:23  Reaper  
  25  2:24  Supply Depot  
  26  2:35  Reaper  
  27  2:38  SCV  
  28  2:46  Supply Depot  
  28  2:50  SCV  
  29  2:52  Reaper  
  29  2:55  Reaper  
  31  3:03  SCV  
  32  3:07  Reaper  
  32  3:09  Supply Depot  
  33  3:15  SCV  
  34  3:26  Reaper  
  35  3:27  SCV  
  35  3:30  Reaper  
  37  3:39  SCV  
  34  3:49  Reaper  
  34  3:52  SCV  
  36  3:56  Command Center  
  36  3:58  Reaper  
  36  4:02  Command Center  
  37  4:04  SCV  
  37  4:05  Reaper  
  39  4:16  SCV  
  40  4:21  Reaper  
  41  4:28  SCV  
  41  4:30  Reaper  
  43  4:35  Supply Depot  
  43  4:37  Reaper  
  44  4:40  SCV  
  45  4:52  SCV  
  46  4:53  Supply Depot  
  46  4:55  Factory  
  47  5:04  SCV  
  47  5:12  Barracks Reactor, Barracks Tech Lab  
  47  5:13  Barracks Reactor  
  45  5:14  Orbital Command  
  45  5:16  SCV  
  45  5:18  Orbital Command  
  46  5:28  SCV  
  46  5:30  Marine  
  46  5:31  Stimpack  
  48  5:40  SCV  
  45  5:58  Marine x5  
  45  5:59  Orbital Command  
  45  6:00  Starport, Factory Reactor  
  45  6:03  SCV x2  
  52  6:05  Refinery x2  
  52  6:07  Engineering Bay x2  
  52  6:15  Marine  
  52  6:16  Marine x4  
  57  6:19  SCV x2  
  57  6:25  Supply Depot, SCV  
  60  6:33  Marine x2  
  60  6:34  Marine x3  
  60  6:35  SCV  
  60  6:36  Terran Infantry Weapons Level 1  
  64  6:45  SCV  
  64  6:46  SCV  
  66  6:48  Factory Tech Lab  
  66  6:51  Marine x2  
  66  6:52  Marine x3  
  71  7:00  SCV x3  
  74  7:03  Terran Infantry Armor Level 1  
  74  7:09  Marine x2  
  74  7:10  Marine x3  
  74  7:12  SCV x2  
  74  7:13  Siege Tank  
  74  7:14  Medivac  
  86  7:16  SCV  
  86  7:20  Medivac  
  89  7:24  SCV x2  
  89  7:27  Marine x2, Armory  
  89  7:28  SCV  
  94  7:31  Marine  
  94  7:32  Marauder  
  94  7:33  Combat Shields  
  94  7:36  SCV x2  
  99  7:41  SCV  
  99  7:43  Barracks  
  100  7:45  Barracks  
  100  7:48  SCV x2  
  100  7:51  Supply Depot x2, Marine x2  
  103  7:56  Medivac x2  
  109  8:02  SCV  
  109  8:12  Marine, Siege Tank, SCV  
  115  8:13  Marine x3, Marauder  
  115  8:16  Supply Depot  
  115  8:18  Supply Depot  
  115  8:19  Refinery x2  
  119  8:30  Marine, Barracks  
  119  8:31  Marine, Barracks  
  119  8:32  Barracks  
  113  8:34  Marauder  
  113  8:37  Marine x4  
  113  8:40  Medivac  
  117  8:48  Marine x2  
  117  8:51  Siege Tank  
  117  8:55  Marine x2, Marauder  
  125  8:58  Supply Depot x2  
  129  9:03  Supply Depot  
  127  9:10  Barracks Tech Lab  
  127  9:11  Barracks Tech Lab  
  128  9:17  Marauder  
  128  9:22  Marine  
  128  9:23  Siege Tank  
  132  9:26  Marine  
  132  9:30  Marine x2, Marauder  
  133  9:31  Barracks Tech Lab x2  
  133  9:32  Barracks Reactor  
  133  9:33  Marauder  
  133  9:38  Medivac, Marauder  
  137  9:40  Marine  
  137  9:43  Marine  
  141  9:48  Marine, Medivac  
  141  9:52  Marauder  
  146  9:55  Marauder  
  146  9:59  Marauder x3  
  152  10:02  Siege Tank  
  152  10:03  Concussive Shells  
  155  10:08  Medivac  
  155  10:11  Marine x2  
  155  10:12  Marine  
  155  10:13  Supply Depot, Marauder  
  162  10:14  Supply Depot  
  162  10:16  Supply Depot, Marauder  
  164  10:23  SCV  
  165  10:33  SCV  
  165  10:34  Marauder x2, SCV  
  165  10:35  Marauder x2  
  166  10:37  Marauder  
  166  10:42  Marine  
  126  10:43  Marine  
  126  10:46  Marine  
  126  10:47  Marine x2  
  117  10:56  Marauder x4  
  100  11:00  Marine  
  100  11:01  Marine  
Show
View Real Time Build Order
Export as new Build Order

GloomY Zerg - Winner!

Build Orders: Hatch First 

Get SALT Encoding   

  12  0:00  Drone  
  13  0:12  Overlord  
  13  0:16  Drone  
  14  0:31  Drone  
  14  0:32  Drone  
  16  0:35  Drone  
  17  0:53  Hatchery  
  17  0:55  Drone  
  17  0:56  Drone  
  18  0:59  Extractor  
  17  1:06  Drone  
  18  1:16  Spawning Pool  
  18  1:18  Drone  
  18  1:27  Drone  
  19  1:38  Overlord  
  19  2:02  Drone x2  
  19  2:03  Metabolic Boost, Queen  
  19  2:04  Queen  
  25  2:09  Zergling x2  
  25  2:13  Zergling x2  
  27  2:22  Zergling x4  
  29  2:29  Spore Crawler  
  28  2:32  Spore Crawler  
  28  2:34  Drone x2  
  29  2:43  Queen  
  33  2:44  Overlord  
  33  2:46  Queen  
  35  2:56  Spore Crawler  
  34  3:03  Zergling x2  
  34  3:04  Zergling x6  
  38  3:07  Spine Crawler  
  37  3:13  Zergling x2  
  37  3:14  Zergling x4  
  40  3:23  Drone x4  
  43  3:47  Queen  
  44  3:59  Overlord x2  
  44  4:00  Overlord  
  44  4:08  Evolution Chamber  
  44  4:09  Evolution Chamber  
  42  4:13  Overlord  
  42  4:14  Zergling x6, Hatchery  
  44  4:22  Drone x7  
  51  4:25  Extractor x2  
  51  4:28  Drone x2  
  51  4:35  Zerg Missile Weapons Level 1  
  51  4:37  Drone  
  51  4:38  Drone x3  
  55  4:52  Roach Warren  
  54  4:57  Zerg Ground Armor Level 1  
  52  5:13  Drone x4  
  54  5:17  Overlord  
  54  5:19  Lair  
  54  5:29  Extractor, Drone  
  54  5:30  Drone x3  
  54  5:31  Drone x3  
  54  5:34  Roach x3  
  65  5:53  Roach x2  
  65  5:54  Roach x4  
  75  6:00  Ravager x2  
  75  6:03  Roach x3  
  83  6:15  Drone  
  83  6:16  Overlord x3  
  83  6:17  Glial Reconstitution  
  79  6:41  Hatchery  
  79  6:45  Roach x3  
  84  6:47  Zerg Missile Weapons Level 2  
  84  6:56  Zerg Ground Armor Level 2  
  84  6:59  Roach  
  86  7:11  Roach  
  86  7:12  Overlord, Roach x5  
  86  7:13  Overlord  
  98  7:20  Overlord  
  98  7:26  Overlord x2  
  98  7:27  Roach x2  
  102  7:37  Drone x2  
  102  7:38  Drone x2  
  106  7:46  Drone  
  106  7:49  Drone x2  
  109  7:55  Drone x4  
  113  7:59  Roach  
  113  8:00  Ravager x6  
  113  8:03  Roach  
  123  8:09  Roach x3  
  123  8:10  Roach  
  131  8:14  Extractor, Hatchery  
  131  8:15  Extractor, Drone x3  
  129  8:41  Drone x3  
  124  8:45  Roach  
  124  8:46  Roach x8  
  144  8:57  Ravager  
  144  8:58  Ravager  
  144  9:00  Ravager x2  
  144  9:01  Roach  
  144  9:02  Roach x2  
  154  9:10  Overlord x6  
  154  9:22  Overlord  
  154  9:31  Drone x3  
  152  9:32  Drone x3  
  155  9:51  Roach x7  
  155  9:52  Roach x12  
  190  10:05  Overlord  
  190  10:08  Spire  
  189  10:18  Roach x4  
  189  10:19  Roach  
  199  10:22  Infestation Pit  
  199  10:28  Roach  
  154  10:45  Roach x12  
  146  10:58  Roach  
Tags
 
Add a new tag
Caveats
  • Supply blocks, unpowered buildings, or Contaminate may cause inaccurate times.
  • Supply counts are checked every 10 seconds.